 Dungeon Crawl Stone Soup version 0.24-a0-537-g2d01d4a (webtiles) character file.

Game seed: 2543638197382848790

1253 Gunnerkreig the Magician (level 8, 0/54 HPs)
             Began as an Octopode Wizard on Aug 13, 2019.
             Killed by nerve-wracking pain
             ... invoked by Menkaure
              (3 damage)
             ... on level 4 of the Dungeon.
             The game lasted 00:10:19 (3635 turns).

Gunnerkreig the Magician (Octopode Wizard)          Turns: 3635, Time: 00:10:20

Health: 0/54       AC:  2    Str:  6    XL:     8   Next: 51%
Magic:  7/15       EV: 19    Int: 22    God:
Gold:   200        SH:  0    Dex: 11    Spells: 6/17 levels left

rFire    . . .     SeeInvis .   y - +0 trident
rCold    . . .     Gourm    .   (no shield)
rNeg     . . .     Faith    .   a - +1 hat
rPois    .         Spirit   .   (no amulet)
rElec    .         Reflect  .   f - +6 ring of evasion
rCorr    .         Harm     .   (no ring)
MR       .....                  (no ring)
Stlth    ++++......             (no ring)
HPRegen  0.18/turn              (no ring)
MPRegen  0.14/turn              (no ring)
                                (no ring)
                                (no ring)

@: berserk cooldown, slowed, very slow
A: almost no armour, stealthy swim, amphibious, 8 rings, constrict 8, camouflage
1, gelatinous body 1
a: no special abilities


You were on level 4 of the Dungeon.
You were hungry.

You visited 1 branch of the dungeon, and saw 4 of its levels.

You collected 200 gold pieces.

Inventory:

Hand Weapons
 u - a +2 mace of holy wrath
 y - a +0 trident (weapon)
Missiles
 b - 56 bolts
 g - 45 sling bullets
 j - 106 stones (quivered)
 m - 10 javelins
 p - a throwing net
Armour
 a - a +1 hat (worn)
Magical Staves
 v - an uncursed staff of wizardry
Jewellery
 f - a +6 ring of evasion (left tentacle)
Wands
 q - a wand of random effects (15)
 z - a wand of digging (3)
Scrolls
 d - a scroll of noise {unknown}
 e - a scroll of identify
 k - 2 scrolls of blinking
 l - a scroll of enchant weapon
 n - a scroll of magic mapping {unknown}
 r - 3 scrolls of teleportation {unknown}
 t - a scroll of remove curse
 w - 2 scrolls of random uselessness {unknown}
 A - a scroll of enchant armour
Potions
 h - a potion of agility {unknown}
 o - 2 potions of brilliance
 x - a potion of heal wounds {unknown}
Comestibles
 c - 8 rations
 B - a chunk of flesh


   Skills:
 + Level 4.3 Fighting
 + Level 2.5 Dodging
 - Level 5.0 Stealth
 + Level 5.3 Spellcasting
 - Level 5.1 Conjurations
 + Level 1.8 Summonings
 + Level 1.8 Translocations
 + Level 1.5 Fire Magic
 + Level 1.3 Air Magic
 - Level 1.7 Poison Magic


You had 6 spell levels left.
You knew the following spells:

 Your Spells              Type           Power        Failure   Level  Hunger
a - Magic Dart            Conj           ####         1%          1    None
b - Conjure Flame         Conj/Fire      ###.....     8%          3    ##.....
c - Mephitic Cloud        Conj/Pois/Air  ###.....     10%         3    ##.....
w - Call Imp              Summ           ##......     7%          2    None
y - Blink                 Tloc           N/A          7%          2    None

Your spell library contained the following spells:

 Spells                   Type           Power        Failure   Level  Hunger
 Slow                     Hex            #.......     16%         2    None


Dungeon Overview and Level Annotations

Branches:
Dungeon (4/15)
 Temple: D:4-7

Altars:
Ashenzari
Trog

Annotations:
D:2 vault with gold, rations
D:4 Menkaure


Innate Abilities, Weirdness & Mutations

You cannot wear most types of armour.
You are very stealthy in the water. (Stealth+)
You are amphibious.
You can wear up to eight rings at the same time.
You can use your tentacles to constrict eight enemies at once.
Your skin changes colour to match your surroundings (Stealth+).
Your rubbery body absorbs attacks. (AC +1, EV +1)


Message History

You constrict the freed slave.
Menkaure calls on the powers of darkness!
Your body is wracked with pain!
* * * LOW HITPOINT WARNING * * *
The freed slave barely misses you.
You hit the freed slave.
You kill the freed slave!
That felt strangely unrewarding.
Menkaure gestures at you while chanting.
Pain shoots through your body!
* * * LOW HITPOINT WARNING * * *
Menkaure rustles in an indecipherable tongue.
Menkaure casts a spell.
Menkaure seems to speed up.
Casting: Magic Dart (safe; 1% risk of failure)
Confirm with . or Enter, or press ? or * to list all spells.
You blink.
Menkaure casts a spell at you. Pain shoots through your body!
You die...

#..##..##..####...#
....#..............#
....#..............#
p...'.........M....#
....####....###ยง...#
.... ###### #....#
#....# +....# #.@..#
#....# #....# #....#
#..[.# #....# .....#
.....#


You could see Menkaure.

Vanquished Creatures
  Pikel (D:4)
  Sigmund (D:2)
  An orc warrior (D:3)
  2 slaves (D:4)
  An ogre (D:4)
  Blork the orc (D:4)
  3 orc priests
  A bullfrog skeleton (D:4)
  An orc wizard (D:4)
  Ijyb (D:2)
  A worker ant (D:4)
  6 adders
  3 gnolls (D:2)
  An ooze (D:2)
  An adder skeleton (D:2)
  A dart slug (D:3)
  3 leopard geckos
  8 orcs
  6 giant cockroaches
  11 goblins
  3 hobgoblins
  2 jackals (D:4)
  A quokka (D:3)
  A ball python (D:2)
  4 bats
  2 frilled lizards (D:2)
  4 kobolds
  3 rats
74 creatures vanquished.

Vanquished Creatures (collateral kills)
  A scorpion (D:4)
  A gnoll (D:2)
  An orc (D:4)
3 creatures vanquished.

Grand Total: 77 creatures vanquished

Notes
Turn   | Place    | Note
-------+----------+-------------------------------------------
     0 | D:1      | Gunnerkreig the Octopode Wizard began the quest for the
                  | Orb.
     0 | D:1      | Reached XP level 1. HP: 11/11 MP: 4/4
   369 | D:1      | Reached XP level 2. HP: 14/18 MP: 6/6
  1021 | D:2      | Reached skill level 1 in Fighting
  1021 | D:2      | Reached XP level 3. HP: 16/23 MP: 1/7
  1202 | D:2      | Found a transporter.
  1202 | D:2      | Found a shattered altar of Ashenzari.
  1209 | D:2      | Found a transporter.
  1412 | D:2      | Reached XP level 4. HP: 24/28 MP: 1/9
  1479 | D:2      | Learned a level 3 spell: Conjure Flame
  1483 | D:2      | Learned a level 3 spell: Mephitic Cloud
  1486 | D:2      | Learned a level 2 spell: Call Imp
  1822 | D:2      | Noticed Sigmund
  1935 | D:2      | Killed Sigmund
  1935 | D:2      | Reached XP level 5. HP: 23/35 MP: 3/11
  1935 | D:2      | Reached XP level 6. HP: 27/41 MP: 3/12
  2111 | D:2      | Reached skill level 5 in Stealth
  2112 | D:2      | Noticed Ijyb
  2131 | D:2      | Killed Ijyb
  2364 | D:3      | Learned a level 2 spell: Blink
  2468 | D:3      | Noticed an orc warrior
  2479 | D:3      | Killed an orc warrior
  2494 | D:3      | Reached XP level 7. HP: 46/46 MP: 2/13
  3027 | D:4      | Noticed Blork the orc
  3039 | D:4      | Killed Blork the orc
  3137 | D:4      | Found a bloodstained altar of Trog.
  3228 | D:4      | Reached skill level 5 in Spellcasting
  3583 | D:4      | Noticed Pikel
  3612 | D:4      | Killed Pikel
  3612 | D:4      | Reached skill level 5 in Conjurations
  3612 | D:4      | Reached skill level 1 in Fire Magic
  3612 | D:4      | Reached skill level 1 in Air Magic
  3612 | D:4      | Reached skill level 1 in Poison Magic
  3612 | D:4      | Reached XP level 8. HP: 37/54 MP: 5/15
  3624 | D:4      | Noticed Menkaure
  3629 | D:4      | HP: 2/54 [Menkaure/nerve-wracking pain (11)]
  3635 | D:4      | Killed from afar by Menkaure

Levels and vault maps discovered:
D:1:      psy_arrival_conway, layout_basic
D:2:      kennysheep_the_goblin_king, layout_basic,
          gammafunk_temple_overflow_arena, uniq_sigmund
D:3:      minmay_wonky_spiral, layout_basic
D:4:      layout_gridville, kennysheep_mini_moat, first_ration, bloody_trog,
          uniq_pikel, uniq_blork_the_orc, uniq_menkaure

Skill      XL: |  1  2  3  4  5  6  7 |
---------------+----------------------+-----
Stealth        | 3 4 5 |  5.0
Fighting       | 1 2 3 4 |  4.3
Conjurations   | 2 3 5 |  5.1
Spellcasting   | 4 5 |  5.3
Fire Magic     | 1 |  1.5
Air Magic      | 1 |  1.3
Poison Magic   | 1 |  1.7
Dodging        | |  2.5
Summonings     | |  1.8
Translocations | |  1.8

Action                   |  1- 3 |  4- 6 |  7- 9 || total
-------------------------+-------+-------+-------++-------
Melee: Dagger            |    38 |    18 |       ||    56
       Constrict         |     7 |    12 |     9 ||    28
       Tentacles         |     3 |    18 |     6 ||    27
       Spear             |       |    40 |     4 ||    44
       Trident           |       |       |    56 ||    56
       Staff             |       |       |     6 ||     6
Throw: Stone             |       |     2 |       ||     2
 Cast: Magic Dart        |    30 |    23 |    41 ||    94
       Mephitic Cloud    |       |     4 |     3 ||     7
       Call Imp          |       |     2 |     1 ||     3
       Conjure Flame     |       |     3 |     6 ||     9
       Blink             |       |       |     2 ||     2
  Use: Scroll            |     4 |       |     4 ||     8
       Potion            |       |       |     5 ||     5
 Stab: Sleeping          |     7 |     1 |     1 ||     9
       Confused          |       |     2 |     2 ||     4
  Eat: Chunk             |     1 |     4 |     4 ||     9
Armor: Skin              |     5 |     1 |    31 ||    37
Dodge: Dodged            |    28 |    41 |    47 ||   116

Table legend:
 A = Non-vault XP
 B = Vault XP
 C = Vault XP percentage of total XP
 D = Non-vault monster count
 E = Vault monster count
 F = Vault count percentage of total count
                 A         B        C        D         E       F
            +---------+---------+-------+---------+---------+-------
      Total |     732 |    1059 |  59.1 |      62 |      13 |  17.3
            +---------+---------+-------+---------+---------+-------
        D:1 |      17 |       0 |   0.0 |      11 |       0 |   0.0
        D:2 |     141 |     245 |  63.5 |      23 |       8 |  25.8
        D:3 |     249 |      17 |   6.4 |      14 |       3 |  17.6
        D:4 |     325 |     797 |  71.0 |      14 |       2 |  12.5
            +---------+---------+-------+---------+---------+-------
